[Event "Polish Youth 1st League 2022"]
[Site "Lublin"]
[Date "2022.06.25"]
[Round "1.1"]
[White "Suder, Jakub"]
[Black "Madej, Marek"]
[Result "1-0"]
[ECO "E91"]
[WhiteElo "2306"]
[BlackElo "1978"]
[Annotator "TA"]
[PlyCount "81"]
[EventDate "2022.06.24"]
[EventType "team-tourn"]
[EventCountry "POL"]
[SourceTitle "playchess.com"]
[Source "ChessBase"]
[SourceQuality "1"]
[TimeControl "40/5400+30:1800+30"]

1. c4 Nf6 2. Nc3 g6 3. e4 d6 4. d4 Bg7 5. Nf3 O-O 6. Be2 Na6 7. O-O e5 8. Be3 Ng4 9. Bg5 Qe8 10. h3 h6 11. Bc1 exd4 {is the legacy move (11...Nf6).} 12. Nxd4 Nf6 {[%emt 0:00:14][%cal Bg4f6,Bf6d7,Bd7e5][%mdl 32] E94: King's Indian: Classical: 6 Be2 e5 7 0-0: Various Black 7th moves.} 13. Bf3 Nc5 14. Re1 {[%emt 0:04:49] [#]} Be6 $146 {[%emt 0:07:32] [#]} (14... Qd8 $11) ({Predecessor:} 14... Nfd7 15. Be3 Nb6 16. b3 a5 17. Rc1 Bd7 18. Ndb5 Bxb5 19. Nxb5 Qe7 20. Qd2 Rfd8 21. g3 Kh7 {½-½ (21) Chojnacki,K (2381)-Niekras,D (2289) Poznan 2021}) 15. e5 (15. Nf5 $1 $16) 15... dxe5 $11 16. Rxe5 Nfd7 17. Re1 {[%emt 0:00:54] aiming for b4.} Ne5 {[%emt 0:03:39] Strongly threatening ...Rd8.} 18. Nxe6 Nxe6 19. Bd5 Rd8 {[%emt 0:06:00] [#]} (19... g5 $11 {remains equal.}) 20. Bxh6 $1 $16 Bxh6 21. Rxe5 Bg7 22. Re1 {[%emt 0:05:46] White is more active.} Bxc3 23. bxc3 b6 (23... c6 $142) 24. Qg4 Rd6 25. Rad1 {[%emt 0:00:56] And now f4 would win.} f5 $2 (25... Qe7 $16 26. c5 bxc5) 26. Qg3 Rf6 27. Re2 (27. c5 $142 bxc5 28. Bc4 Rxd1 29. Rxd1) 27... Kg7 {[%emt 0:01:30] [#]} 28. Rde1 $1 Qd7 29. Bxe6 Rfxe6 30. Rxe6 Rxe6 31. Rxe6 Qxe6 32. Qxc7+ $18 {[%emt 0:00:07][%mdl 4096] Endgame KQ-KQ} Kh6 33. Qf4+ Kh7 34. Qc7+ Kh6 35. Kh2 ({Don't take} 35. Qxa7 Qe1+ 36. Kh2 Qxf2) 35... Qe4 $2 (35... Qe2 {was necessary.} 36. Qf4+ (36. Qxa7 Qxf2 37. Qb8 Kh7 $18) 36... Kg7 37. Qd4+ Kf7) 36. c5 bxc5 37. Qxc5 {[%emt 0:00:17] Qe3+ is the strong threat.} Qc2 (37... Qb7 $142 38. c4 Qb8+ 39. g3 Qb7) 38. Qxa7 {[%emt 0:00:59] Hoping for a4.} f4 39. Qd4 Qf5 40. Qh8+ Kg5 41. h4+ {[%emt 0:00:26] Weighted Error Value: White=0.30/Black=0.76} 1-0

[Event "Polish Youth 1st League 2022"]
[Site "Lublin"]
[Date "2022.06.25"]
[Round "1.2"]
[White "Nowak, Filip"]
[Black "Dziewonski, Dariusz"]
[Result "0-1"]
[ECO "C78"]
[WhiteElo "1819"]
[BlackElo "1976"]
[Annotator "NA RC"]
[PlyCount "60"]
[EventDate "2022.06.24"]
[EventType "team-tourn"]
[EventCountry "POL"]
[SourceTitle "playchess.com"]
[Source "ChessBase"]
[SourceQuality "1"]
[TimeControl "40/5400+30:1800+30"]

1. e4 e5 2. Nf3 Nc6 3. Bb5 a6 4. Ba4 Nf6 5. O-O b5 6. Bb3 Bc5 {[%emt 0:00:03] is cutting edge theory.} 7. Re1 d6 8. h3 Na5 9. d4 {[%emt 0:10:14] [#]} exd4 $146 ({Predecessor:} 9... Nxb3 10. axb3 exd4 11. Bg5 O-O 12. Nxd4 h6 13. Bh4 g5 14. Bg3 Re8 15. Nc6 Qd7 {½-½ (50) Mittermayr,G (2071)-Froewis,A (2074) Austria 2020}) 10. Nxd4 Bxd4 11. Bd5 c6 12. Qxd4 cxd5 13. exd5+ Kf8 14. Bg5 h6 15. Bh4 Bf5 16. Nd2 Rc8 17. Re3 Nc4 18. Rf3 Nxd2 19. Rxf5 Nde4 20. Re1 Qd7 $19 21. Rf3 Rc4 22. Qb6 g5 23. Bg3 Kg7 24. h4 Re8 25. Rd1 Rxc2 26. hxg5 hxg5 27. Qxa6 g4 28. Re3 Nxg3 29. Rxg3 Qf5 30. Rf1 Ree2 0-1

[Event "Polish Youth 1st League 2022"]
[Site "Lublin"]
[Date "2022.06.25"]
[Round "1.3"]
[White "Maj, Samuel"]
[Black "Grot, Blazej"]
[Result "1-0"]
[ECO "E06"]
[WhiteElo "1906"]
[BlackElo "1819"]
[Annotator "NA RC"]
[PlyCount "117"]
[EventDate "2022.06.24"]
[EventType "team-tourn"]
[EventCountry "POL"]
[SourceTitle "playchess.com"]
[Source "ChessBase"]
[SourceQuality "1"]
[TimeControl "40/5400+30:1800+30"]

1. d4 Nf6 2. c4 e6 3. Nf3 d5 4. g3 Be7 5. Bg2 O-O 6. O-O c6 7. Qc2 b6 8. Nbd2 Bb7 9. e4 Na6 10. e5 Nd7 11. cxd5 Nb4 12. Qb3 cxd5 13. a3 Nc6 14. Re1 Rc8 15. Nf1 Ba6 16. Bd2 Na5 17. Qa4 Bb7 18. Bxa5 bxa5 19. Rac1 Nb6 20. Qxa5 Nc4 21. Qxd8 Rfxd8 22. Ne3 Ba8 (22... Nxb2 $11 23. Rb1 Bxa3) 23. Rc2 Rb8 24. Ree2 Bb7 25. Nd2 Nxe5 26. Nxd5 Nf3+ 27. Nxf3 Bxd5 28. Ne5 Bf6 29. Rc7 Bxg2 30. Kxg2 Rbc8 31. Rec2 Rxc7 32. Rxc7 h6 33. Nc6 Rd6 34. b4 a6 35. a4 Bxd4 36. a5 Bf6 37. b5 axb5 38. a6 Bd4 39. Nxd4 Rxa6 40. Nxb5 Rb6 41. Nd4 g5 42. Nf3 Rb5 43. Nd2 Kg7 44. Ne4 Rd5 45. Kf3 Kg6 46. Ke3 h5 47. Rc8 f5 48. Nc5 Re5+ 49. Kf3 Re1 50. Rg8+ Kh6 51. Nd7 e5 52. h4 e4+ 53. Kg2 gxh4 54. gxh4 Rd1 55. Ne5 f4 56. Rh8+ Kg7 57. Rxh5 $18 f3+ 58. Kg3 Re1 59. Ng4 1-0

[Event "Polish Youth 1st League 2022"]
[Site "Lublin"]
[Date "2022.06.25"]
[Round "1.4"]
[White "Rozanski, Mateusz"]
[Black "Jamrozik, Maciej"]
[Result "1-0"]
[ECO "B40"]
[WhiteElo "1720"]
[BlackElo "1251"]
[Annotator "NA RC"]
[PlyCount "79"]
[EventDate "2022.06.24"]
[EventType "team-tourn"]
[EventCountry "POL"]
[SourceTitle "playchess.com"]
[Source "ChessBase"]
[SourceQuality "1"]
[TimeControl "40/5400+30:1800+30"]

1. e4 c5 2. Nf3 e6 3. d4 cxd4 4. Nxd4 Nf6 5. Nc3 Nc6 6. Ndb5 d6 7. Bf4 e5 8. Bg5 a6 9. Bxf6 gxf6 10. Na3 b5 11. Nd5 Bg7 12. c4 b4 13. Nc2 Rb8 14. Qf3 O-O 15. Be2 Be6 16. g4 Bxd5 17. exd5 Ne7 18. Bd3 Ng6 19. Qe4 b3 20. axb3 Rxb3 21. h4 Re8 22. h5 Nf4 23. Qxh7+ Kf8 24. Be4 f5 25. Qxf5 Nh3 26. Rxa6 Bh6 27. Na1 Rxb2 28. Rxh3 Qb8 29. Kf1 Qb4 30. Ra7 Qxc4+ 31. Kg2 Re7 32. Rxe7 Kxe7 33. g5 Bxg5 34. Qxg5+ Ke8 35. Qf5 Re2 36. Bd3 Rxf2+ 37. Qxf2 Qg4+ 38. Rg3 Qxh5 39. Qf6 Kf8 40. Qd8# 1-0

[Event "Polish Youth 1st League 2022"]
[Site "Lublin"]
[Date "2022.06.25"]
[Round "1.5"]
[White "Uliasz, Katarzyna"]
[Black "Krzyzosiak, Marta"]
[Result "1/2-1/2"]
[ECO "A05"]
[WhiteElo "1526"]
[BlackElo "1666"]
[Annotator "NA RC"]
[PlyCount "61"]
[EventDate "2022.06.24"]
[EventType "team-tourn"]
[EventCountry "POL"]
[SourceTitle "playchess.com"]
[Source "ChessBase"]
[SourceQuality "1"]
[TimeControl "40/5400+30:1800+30"]

1. Nf3 Nf6 2. g3 g6 3. Bg2 Bg7 4. O-O O-O 5. d3 d6 6. e4 e5 7. Nc3 c6 8. h3 Nbd7 9. Be3 Re8 10. Nh2 Nc5 11. f4 exf4 12. gxf4 Qe7 13. Qf3 d5 14. e5 Nh5 15. Rae1 Bf5 16. Ng4 Ne6 17. Ne2 Qb4 18. b3 f6 19. exf6 Nxf6 20. Ne5 Nh5 21. c3 Qd6 22. d4 Rf8 23. Ng3 Nxg3 24. Qxg3 Rae8 25. h4 Nd8 26. Bh3 Qe6 27. Kh2 Bxh3 28. Qxh3 Qxh3+ 29. Kxh3 Rf5 30. Rg1 Nf7 31. Bd2 1/2-1/2

[Event "Polish Youth 1st League 2022"]
[Site "Lublin"]
[Date "2022.06.25"]
[Round "1.6"]
[White "Wieczorek, Maja"]
[Black "Tokarz, Gabriela"]
[Result "0-1"]
[ECO "B77"]
[WhiteElo "1316"]
[BlackElo "1469"]
[Annotator "NA RC"]
[PlyCount "86"]
[EventDate "2022.06.24"]
[EventType "team-tourn"]
[EventCountry "POL"]
[SourceTitle "playchess.com"]
[Source "ChessBase"]
[SourceQuality "1"]
[TimeControl "40/5400+30:1800+30"]

1. e4 c5 2. Nf3 d6 3. d4 cxd4 4. Nxd4 Nf6 5. Nc3 g6 6. Be3 Bg7 7. f3 O-O 8. Qd2 Nc6 9. Bc4 Bd7 10. Bb3 Na5 11. O-O-O Nxb3+ 12. axb3 a5 13. Bh6 a4 14. Bxg7 Kxg7 15. h4 e5 16. Ndb5 axb3 17. cxb3 Bxb5 18. Nxb5 Qb6 19. Nc3 Qxb3 20. Qc2 Qb6 21. Qd2 Rfc8 22. g4 Ra5 23. h5 Rxc3+ 24. Kb1 Rca3 25. hxg6 Ra1+ 26. Kc2 Qc5+ 27. Kd3 Qd4+ 28. Ke2 Qxd2+ 29. Kxd2 Rxd1+ 30. Rxd1 hxg6 31. Kc3 Rc5+ 32. Kb3 Rc6 33. Ra1 Nd7 34. Rd1 Nc5+ 35. Ka2 Ra6+ 36. Kb1 Nb3 37. Kc2 Nd4+ 38. Kb1 Nxf3 39. Rd3 Nd4 40. Rd1 b5 41. Rd3 b4 42. Kc1 Ra1+ 43. Kd2 Rb1 0-1

[Event "Polish Youth 1st League 2022"]
[Site "Lublin"]
[Date "2022.06.25"]
[Round "1.7"]
[White "Kania, Dominik"]
[Black "Luczak, Filip"]
[Result "0-1"]
[ECO "B01"]
[WhiteElo "1872"]
[BlackElo "2311"]
[Annotator "TA"]
[PlyCount "100"]
[EventDate "2022.06.24"]
[EventType "team-tourn"]
[EventCountry "POL"]
[SourceTitle "playchess.com"]
[Source "ChessBase"]
[SourceQuality "1"]
[TimeControl "40/5400+30:1800+30"]

1. e4 d5 2. Nc3 dxe4 3. Nxe4 Nc6 4. Nf3 e5 5. Bb5 Bd7 ({Better is} 5... f5 $14 6. Nc3 e4) 6. d4 {[%emt 0:12:55] [#] A00: Irregular Openings.} ({White should try} 6. O-O $16) 6... f5 $146 (6... Nxd4 $14 {deserves consideration.} 7. Nxd4 exd4) ({Predecessor:} 6... exd4 7. Nxd4 Nxd4 8. Bxd7+ Qxd7 9. Nc5 Qe7+ 10. Be3 Qe5 11. Qxd4 Qxd4 12. Bxd4 Bxc5 13. Bxc5 {1-0 (46) Druyen,D (764)-Kugathasan,S (966) Duesseldorf 2008}) 7. Nc3 e4 8. Bxc6 (8. Ng5 $14) 8... Bxc6 $11 9. Ne5 Nf6 {[%emt 0:02:21] Prevents d5.} 10. Nxc6 bxc6 11. O-O Bb4 12. f3 O-O 13. Bg5 Bxc3 14. bxc3 Qd5 (14... Qd6 $11) 15. Bxf6 $14 Rxf6 16. fxe4 Qxe4 17. Qd3 {[%emt 0:07:56] Prevents Qe3+.} Qd5 18. Rae1 f4 ({Much less strong is} 18... Rg6 19. Rf3 $14) 19. Qe4 ({White should play} 19. a3 $14) 19... Raf8 20. Qxd5+ cxd5 $11 {[%emt 0:00:05][%mdl 4096] Endgame KRR-KRR} 21. Re5 Rc6 (21... f3 {keeps more tension.} 22. Rxd5 f2+ 23. Kh1 Rc6) 22. Rxd5 Rxc3 23. Ra5 Rxc2 24. Rxa7 h6 25. g3 fxg3 26. Rxf8+ Kxf8 27. hxg3 {[%emt 0:00:03] KR-KR} Ke7 28. Ra6 Rc4 29. Ra7 Kd6 30. Ra6+ $1 Kd5 (30... Rc6 $5 31. Ra5 Rc4 32. Ra6+ Kd5 $17) 31. Rg6 Kxd4 32. Rxg7 c5 33. Rh7 Ra4 34. Rxh6 {[%emt 0:00:42] [#] Intending Rh4+ and mate.} c4 35. Kf1 Rxa2 36. Ke1 Rg2 {[%emt 0:01:28] ...Kc3 is the strong threat.} 37. Kd1 $1 Kc3 {[%emt 0:01:05] ( -> ...Rg1+)} 38. Rb6 $2 {[%emt 0:00:30][%mdl 8192] [#] This costs White the game.} (38. Rg6 $11) 38... Rg1+ {[%emt 0:00:27] Black mates.} 39. Ke2 Rxg3 40. Kd1 Rg1+ 41. Ke2 Kc2 42. Rc6 c3 43. Rc8 Rg7 44. Rb8 Re7+ 45. Kf2 Kc1 46. Rc8 c2 47. Rb8 Re5 48. Rc8 Rb5 49. Ke2 Kb1 50. Kd2 Rd5+ {[%emt 0:00:06] Weighted Error Value: White=0.21 (precise) /Black=0.08 (flawless)} 0-1

[Event "Polish Youth 1st League 2022"]
[Site "Lublin"]
[Date "2022.06.25"]
[Round "1.8"]
[White "Bachor, Tomasz"]
[Black "Lysakowski, Kamil"]
[Result "1-0"]
[ECO "B12"]
[WhiteElo "1971"]
[BlackElo "1859"]
[Annotator "NA RC"]
[PlyCount "61"]
[EventDate "2022.06.24"]
[EventType "team-tourn"]
[EventCountry "POL"]
[SourceTitle "playchess.com"]
[Source "ChessBase"]
[SourceQuality "1"]
[TimeControl "40/5400+30:1800+30"]

1. e4 c6 2. d4 d5 3. e5 c5 4. dxc5 e6 5. a3 Qc7 6. Nf3 Nd7 7. Bf4 Bxc5 8. b4 Bf8 9. Bd3 Ne7 10. Qe2 Ng6 11. Bg3 a5 12. b5 Bc5 13. O-O O-O 14. Nbd2 a4 15. Kh1 Bb6 16. c4 d4 17. Ne4 Bc5 18. h4 b6 19. h5 Ne7 20. Nf6+ gxf6 21. exf6 Qd8 $18 22. fxe7 Qxe7 23. Qe4 Nf6 24. Qxa8 Bb7 25. Qxa4 Bxf3 26. gxf3 Nxh5 27. Qd1 Kh8 28. f4 Nxf4 29. Bxf4 Qh4+ 30. Bh2 f5 31. f4 1-0

[Event "Polish Youth 1st League 2022"]
[Site "Lublin"]
[Date "2022.06.25"]
[Round "1.9"]
[White "Musial, Igor"]
[Black "Cieslak, Patryk"]
[Result "0-1"]
[ECO "C05"]
[WhiteElo "1699"]
[BlackElo "2019"]
[Annotator "NA RC"]
[PlyCount "58"]
[EventDate "2022.06.24"]
[EventType "team-tourn"]
[EventCountry "POL"]
[SourceTitle "playchess.com"]
[Source "ChessBase"]
[SourceQuality "1"]
[TimeControl "40/5400+30:1800+30"]

1. e4 e6 2. d4 d5 3. Nd2 Nf6 4. e5 Nfd7 5. Ngf3 c5 6. c3 Nc6 7. Be2 cxd4 8. cxd4 Qb6 9. Nb3 a5 10. a4 Bb4+ 11. Kf1 f6 12. Be3 O-O 13. Qc2 Be7 14. Nc1 fxe5 15. dxe5 d4 16. Bg5 Rxf3 17. Bxf3 Bxg5 18. Be4 Nf8 19. Nd3 Be7 20. Rc1 Bd7 21. g3 Nb4 22. Qb3 Bc6 23. Bxc6 bxc6 24. Kg2 c5 25. Rhd1 Rb8 26. Ne1 Nd5 27. Qd3 Qxb2 $19 28. Rb1 Ne3+ 29. Kh3 Qxf2 0-1

[Event "Polish Youth 1st League 2022"]
[Site "Lublin"]
[Date "2022.06.25"]
[Round "1.10"]
[White "Brzezina, Piotr"]
[Black "Rozek, Michal"]
[Result "1/2-1/2"]
[ECO "C67"]
[WhiteElo "1633"]
[BlackElo "1533"]
[Annotator "NA RC"]
[PlyCount "73"]
[EventDate "2022.06.24"]
[EventType "team-tourn"]
[EventCountry "POL"]
[SourceTitle "playchess.com"]
[Source "ChessBase"]
[SourceQuality "1"]
[TimeControl "40/5400+30:1800+30"]

1. e4 e5 2. Nf3 Nc6 3. Bb5 Nf6 4. O-O Nxe4 5. Re1 Nd6 6. Nxe5 Be7 7. Bf1 Nxe5 8. Rxe5 O-O 9. d4 Bf6 10. Re1 Re8 11. Bf4 Rxe1 12. Qxe1 Ne8 13. c3 d5 14. Bd3 g6 15. Nd2 Ng7 16. Nf3 Nh5 17. Bh6 Be6 18. Qd2 Ng7 19. Re1 Nf5 20. Bf4 Nd6 21. Ne5 Bf5 22. Bxf5 Nxf5 23. Ng4 Bg7 24. Bg5 Qd6 25. Ne3 Nxe3 26. Qxe3 Bf6 27. Bh6 Qd7 28. h3 Rc8 29. Qf4 Bg7 30. Bg5 f6 31. Bh6 g5 32. Bxg5 fxg5 33. Qxg5 Kf7 34. Qh5+ Kg8 35. Qg5 Kf7 36. Qh5+ Kg8 37. Qg5 1/2-1/2

[Event "Polish Youth 1st League 2022"]
[Site "Lublin"]
[Date "2022.06.25"]
[Round "1.11"]
[White "Mroz, Lena"]
[Black "Hertlein, Irena"]
[Result "0-1"]
[ECO "B44"]
[WhiteElo "1719"]
[BlackElo "1873"]
[Annotator "NA RC"]
[PlyCount "94"]
[EventDate "2022.06.24"]
[EventType "team-tourn"]
[EventCountry "POL"]
[SourceTitle "playchess.com"]
[Source "ChessBase"]
[SourceQuality "1"]
[TimeControl "40/5400+30:1800+30"]

1. e4 c5 2. Nf3 e6 3. d4 cxd4 4. Nxd4 Nc6 5. Nb5 d6 6. c4 a6 7. N5c3 Qc7 8. Be2 Be7 9. Na3 Nf6 10. O-O b6 11. Be3 Bb7 12. f3 O-O 13. Qb3 Nd7 14. Rac1 Nce5 15. Rfd1 Nc5 16. Qc2 Rac8 17. Qd2 Rfe8 18. Qe1 Ng6 19. b4 Nd7 20. Na4 Qb8 21. Qf2 d5 22. Nc2 Bd6 23. g3 dxc4 24. Nxb6 Nxb6 25. Bxb6 Be5 26. Bd4 h5 27. Bxe5 Nxe5 28. Ne3 c3 29. a3 Qa8 30. Qe1 f5 31. f4 Ng4 32. Nxg4 hxg4 33. e5 Bh1 34. Bf1 Bf3 35. Rd3 c2 36. Qf2 Be4 37. Rd2 Red8 38. Re2 Rd1 39. Re1 Rxe1 40. Qxe1 Qa7+ 41. Qf2 Qd7 42. Qe3 Qd1 43. Qe1 Rd8 44. Be2 Qd4+ 45. Qf2 Qd2 46. Qe1 Qe3+ 47. Kf1 Rd2 0-1

[Event "Polish Youth 1st League 2022"]
[Site "Lublin"]
[Date "2022.06.25"]
[Round "1.12"]
[White "Duda, Aleksandra"]
[Black "Lajdamik, Kinga"]
[Result "1-0"]
[ECO "A22"]
[WhiteElo "1453"]
[BlackElo "1308"]
[Annotator "NA RC"]
[PlyCount "93"]
[EventDate "2022.06.24"]
[EventType "team-tourn"]
[EventCountry "POL"]
[SourceTitle "playchess.com"]
[Source "ChessBase"]
[SourceQuality "1"]
[TimeControl "40/5400+30:1800+30"]

1. c4 e5 2. Nc3 Nf6 3. e3 Be7 4. d4 exd4 5. exd4 O-O 6. Nf3 d5 7. Be3 Re8 8. Bd3 b6 9. O-O dxc4 10. Bxc4 Bd6 11. Qb3 Be6 12. Bxe6 Rxe6 13. h3 h6 14. Rac1 a6 15. Rfd1 Nbd7 16. d5 Re8 17. Nd4 Nc5 18. Qc2 Nb7 19. Nc6 Qd7 20. Bd4 Nh7 21. Ne2 Ng5 22. Qd3 Ne4 23. Nc3 Nxc3 24. Qxc3 Nc5 25. b4 Ne4 26. Qb2 Bf4 27. Be3 Qd6 28. Bxf4 Qxf4 29. Rd3 Qg5 30. Rcd1 Qf5 31. Rf3 Qh5 32. Qd4 Nd6 33. Rfd3 Re4 34. Qb2 Rae8 35. Qc1 Re2 36. R3d2 Qf5 37. Rf1 Kh8 38. Nd4 Qh5 39. Nxe2 Rxe2 40. Rxe2 Qxe2 41. Qxc7 Qe5 42. Qxb6 Qxd5 43. Qxa6 Nf5 44. Qc8+ Kh7 45. Qc5 Qe4 46. b5 Nh4 47. Qc6 1-0

[Event "Polish Youth 1st League 2022"]
[Site "Lublin"]
[Date "2022.06.25"]
[Round "1.13"]
[White "Jedraszek, Pawel"]
[Black "Klim, Filip"]
[Result "1/2-1/2"]
[ECO "D30"]
[WhiteElo "1933"]
[BlackElo "2015"]
[Annotator "NA RC"]
[PlyCount "98"]
[EventDate "2022.06.24"]
[EventType "team-tourn"]
[EventCountry "POL"]
[SourceTitle "playchess.com"]
[Source "ChessBase"]
[SourceQuality "1"]
[TimeControl "40/5400+30:1800+30"]

1. d4 d5 2. c4 c6 3. Nf3 Nf6 4. e3 e6 5. Nbd2 Nbd7 6. Bd3 Bd6 7. O-O O-O 8. e4 e5 9. cxd5 cxd5 10. exd5 exd4 11. Ne4 Ne5 12. Nxd4 Nxe4 13. Bxe4 Qh4 14. f4 Bc5 15. g3 Qf6 (15... Qg4 $11) 16. fxe5 Qxe5 17. Bxh7+ Kh8 18. Rf4 g5 19. Re4 Qxd5 20. Qh5 Bxd4+ 21. Kg2 Bg4 22. Qxg4 $17 f5 23. Bxf5 Rxf5 24. Bxg5 Rxg5 25. Qf3 Rf5 26. Rh4+ Kg7 27. Qxd5 Rxd5 28. Re1 Bf6 29. Rg4+ Kf7 30. Re2 Rad8 31. Rc4 Rd2 32. Rc2 Rxe2+ 33. Rxe2 b5 34. Kf3 a5 35. Rc2 Rd5 36. Ke4 Re5+ 37. Kf4 Kg6 38. h4 Rd5 39. b3 Rd4+ 40. Kf3 a4 41. Re2 axb3 42. axb3 Rd3+ 43. Re3 Rxe3+ 44. Kxe3 Kh5 45. Kf4 b4 46. Ke4 Kg4 47. Kd5 Kf5 48. h5 Kg4 49. Kc4 Kxh5 1/2-1/2

[Event "Polish Youth 1st League 2022"]
[Site "Lublin"]
[Date "2022.06.25"]
[Round "1.14"]
[White "Bartodziej, Bartosz"]
[Black "Klaska, Szymon"]
[Result "1-0"]
[ECO "B84"]
[WhiteElo "1902"]
[BlackElo "1563"]
[Annotator "RC"]
[PlyCount "39"]
[EventDate "2022.06.24"]
[EventType "team-tourn"]
[EventCountry "POL"]
[SourceTitle "playchess.com"]
[Source "ChessBase"]
[SourceQuality "1"]
[TimeControl "40/5400+30:1800+30"]

1. e4 c5 2. Nf3 e6 3. d4 cxd4 4. Nxd4 Nf6 5. Nc3 d6 6. Be2 a6 7. O-O Be7 8. f4 Qc7 9. Kh1 b5 10. e5 dxe5 11. fxe5 Qxe5 12. Bf4 Qc5 13. Bf3 Nd5 14. Nxd5 exd5 15. Nb3 Qa7 16. Qxd5 Bb7 17. Qxb7 Qxb7 18. Bxb7 Ra7 19. Bd5 O-O 20. Bxb8 1-0

[Event "Polish Youth 1st League 2022"]
[Site "Lublin"]
[Date "2022.06.25"]
[Round "1.15"]
[White "Ugorek, Kacper"]
[Black "Nocek, Dominik"]
[Result "0-1"]
[ECO "A02"]
[WhiteElo "1696"]
[BlackElo "1657"]
[Annotator "NA RC"]
[PlyCount "126"]
[EventDate "2022.06.24"]
[EventType "team-tourn"]
[EventCountry "POL"]
[SourceTitle "playchess.com"]
[Source "ChessBase"]
[SourceQuality "1"]
[TimeControl "40/5400+30:1800+30"]

1. f4 Nf6 2. g3 g6 3. b3 Bg7 4. Bb2 O-O 5. Bg2 d5 6. Nf3 c5 7. e3 Nc6 8. O-O Qc7 9. d3 Rd8 10. Nbd2 Ng4 11. Qc1 Nxe3 12. Re1 Nxg2 13. Kxg2 d4 14. Ne4 b6 15. Qd2 Bb7 16. Qf2 e5 17. Bc1 Re8 18. fxe5 Nxe5 19. Bf4 Qc6 20. Bxe5 Bxe5 21. Re2 Bg7 22. Rae1 Rad8 23. h3 h6 24. Kh2 f5 25. Ned2 b5 26. Qf1 Kf7 27. Qf2 Rxe2 28. Qxe2 Re8 29. Qxe8+ Qxe8 30. Rxe8 Kxe8 31. g4 fxg4 32. hxg4 g5 33. Kg3 Ke7 34. Ne4 Bxe4 35. dxe4 Kf7 36. Ne1 Kg6 37. Nf3 h5 38. Kh3 h4 39. e5 Bf8 40. b4 Be7 41. Kg2 a6 42. Kf1 c4 43. a3 d3 44. cxd3 cxd3 45. Ke1 Kf7 46. Kd2 Ke6 47. Kxd3 Kd5 48. Ke3 Bd8 49. Kd3 Be7 50. Ke3 Bd8 51. Kd3 h3 52. Ke3 Kc4 53. Kf2 Kb3 54. Nd4+ Kxa3 55. Nc6 Bc7 56. Kg3 Bxe5+ 57. Nxe5 Kxb4 58. Nf3 a5 59. Nxg5 a4 60. Nf3 a3 61. Nd4 a2 62. g5 Kc3 63. Nxb5+ Kb2 0-1

[Event "Polish Youth 1st League 2022"]
[Site "Lublin"]
[Date "2022.06.25"]
[Round "1.16"]
[White "Kowalski, Witold"]
[Black "Dobosiewicz, Dawid"]
[Result "0-1"]
[ECO "B47"]
[WhiteElo "1613"]
[BlackElo "1795"]
[Annotator "NA RC"]
[PlyCount "86"]
[EventDate "2022.06.24"]
[EventType "team-tourn"]
[EventCountry "POL"]
[SourceTitle "playchess.com"]
[Source "ChessBase"]
[SourceQuality "1"]
[TimeControl "40/5400+30:1800+30"]

1. e4 c5 2. Nf3 e6 3. d4 cxd4 4. Nxd4 Nc6 5. Nc3 Qc7 6. Be2 a6 7. O-O Nf6 8. Be3 Bb4 9. Na4 Be7 10. Nxc6 bxc6 11. Qd3 c5 12. c4 d6 13. f4 Bb7 14. Nc3 Rd8 15. Bf3 O-O 16. g4 Nd7 17. g5 Rfe8 18. Rad1 Nb8 19. Bg2 Nc6 20. Kh1 Bf8 21. h4 g6 22. h5 Bg7 23. h6 Bd4 24. a3 d5 25. cxd5 exd5 26. Bxd4 Nxd4 27. exd5 Kh8 28. b4 Nf5 29. Be4 cxb4 30. Bxf5 Qxc3 31. axb4 Bxd5+ 32. Kg1 Qxb4 33. Qxa6 Qc5+ 34. Rf2 Qc3 35. Qd3 Re1+ 36. Rxe1 Qxe1+ 37. Rf1 Qb4 38. Bg4 Qc5+ 39. Kh2 Ra8 40. Rd1 Qf2+ 41. Kh3 Bg2+ 42. Kh2 Bf1+ 43. Kh1 Qg2# 0-1

[Event "Polish Youth 1st League 2022"]
[Site "Lublin"]
[Date "2022.06.25"]
[Round "1.17"]
[White "Barwinska, Ewa"]
[Black "Kudlak, Julia"]
[Result "1/2-1/2"]
[ECO "B54"]
[WhiteElo "1825"]
[BlackElo "1654"]
[Annotator "NA RC"]
[PlyCount "105"]
[EventDate "2022.06.24"]
[EventType "team-tourn"]
[EventCountry "POL"]
[SourceTitle "playchess.com"]
[Source "ChessBase"]
[SourceQuality "1"]
[TimeControl "40/5400+30:1800+30"]

1. e4 c5 2. Nf3 d6 3. d4 cxd4 4. Nxd4 Nf6 5. f3 e5 6. Nb3 d5 7. Bg5 Be6 8. Bxf6 gxf6 9. exd5 Qxd5 10. Qxd5 Bxd5 11. Nc3 Be6 12. Nb5 Na6 13. O-O-O Bh6+ 14. Kb1 Ke7 15. Nd6 Rhd8 16. Bxa6 bxa6 17. Nb7 Rd5 18. N7c5 Rg8 19. g3 Rgd8 20. Rde1 Bd2 21. Re2 Bb4 22. Nd3 a5 23. a3 Bd6 24. Nd2 Rb8 25. Ka1 f5 26. Nc4 f6 27. Nxd6 Kxd6 28. Rhe1 Bc8 29. Rd2 Bb7 30. Red1 Rd8 31. Kb1 Kc7 32. Kc1 Kb6 33. Ne1 e4 34. Rxd5 Rxd5 35. Rxd5 Bxd5 36. fxe4 fxe4 37. Kd2 Kc5 38. Ng2 Kd4 39. Ne3 Be6 40. c3+ Ke5 41. b4 axb4 42. axb4 f5 43. Ng2 Bc4 44. Ke3 Bd5 45. Nf4 Bc4 46. Ng2 Bf7 47. Nf4 Bc4 48. Kd2 Bf1 49. Ke1 Bc4 50. Kf2 Bb5 51. h3 Ba6 52. Ke3 Bb5 53. Kf2 1/2-1/2

[Event "Polish Youth 1st League 2022"]
[Site "Lublin"]
[Date "2022.06.25"]
[Round "1.18"]
[White "Dzierzgowska, Jagoda"]
[Black "Matuszewska, Kinga"]
[Result "1-0"]
[ECO "D00"]
[WhiteElo "1267"]
[BlackElo "1085"]
[Annotator "NA RC"]
[PlyCount "158"]
[EventDate "2022.06.24"]
[EventType "team-tourn"]
[EventCountry "POL"]
[SourceTitle "playchess.com"]
[Source "ChessBase"]
[SourceQuality "1"]
[TimeControl "40/5400+30:1800+30"]

1. d4 d5 2. Bf4 Nf6 3. e3 Bf5 4. Nf3 e6 5. c4 Bd6 6. Bg3 b6 7. Be2 h6 8. Nc3 a6 9. Ne5 O-O 10. O-O c6 11. a3 a5 12. Qa4 Bxe5 13. Bxe5 Nfd7 14. Bg3 Re8 15. cxd5 b5 16. Qd1 exd5 17. Bg4 Bxg4 18. Qxg4 Nf6 19. Qf3 Ne4 20. Nxe4 Rxe4 21. Rac1 Qd7 22. Rc2 Re6 23. Qe2 Qb7 24. Rfc1 Nd7 25. b3 Nb6 26. Qg4 a4 27. b4 Nc4 28. Rc3 Rae8 29. h4 Qc8 30. Bf4 Rg6 31. Qxc8 Rxc8 32. g3 Re8 33. Re1 Rge6 34. Kg2 f6 35. h5 Kf7 36. Re2 Kf8 37. Kf3 Kf7 38. Kg2 Kg8 39. Kf3 Kf7 40. Kg2 Kg8 41. Kf3 Kh7 42. g4 Rc8 43. Rd3 g5 44. hxg6+ Kxg6 45. Kg3 Rh8 46. f3 h5 47. Rh2 Ree8 48. Rh4 hxg4 49. Rxg4+ Kf7 50. Kg2 Rh7 51. Kf2 Rh1 52. Rg1 Reh8 53. e4 Ke6 54. Kg2 R1h4 55. Bg3 Rg8 56. Kf2 Rh7 57. exd5+ cxd5 58. f4 f5 59. Re1+ Kd6 60. Rg1 Rgh8 61. Kg2 Rc8 62. Rc3 Re7 63. Kf2 Rcc7 64. Re1 Rxe1 65. Kxe1 Rh7 66. Ke2 Rh1 67. Be1 Rh2+ 68. Bf2 Nd2 69. Kxd2 Rxf2+ 70. Ke3 Ra2 71. Kf3 Ra1 72. Rd3 Rh1 73. Kg2 Rc1 74. Kf2 Ke6 75. Re3+ Kf6 76. Rg3 Rd1 77. Ke3 Ra1 78. Ke2 Ra2+ 79. Ke1 Ra1+ 1-0